Map: King of Braxis Station

Players

MrFercho

  • Race: Zerg Zerg
  • Spawn Location: 1:00

tigro

  • Race: Terran Terran
  • Spawn Location: 7:00

Ykobex

  • Race: Protoss Protoss
  • Spawn Location: 9:00

Huasochoro

  • Race: Zerg Zerg
  • Spawn Location: 12:00

IA (Difícil)

  • Race: Terran Terran
  • Spawn Location: 6:00

IA (Difícil)

  • Race: Terran Terran
  • Spawn Location: 3:00

NeroSparta

  • Race: Terran Terran
  • League: Diamond
  • Spawn Location: 5:00

IA (Difícil)

  • Race: Protoss Protoss
  • Spawn Location: 11:00

VOD

Have the link to the VOD?

Description

Time

  • Played on: April 10, 2020, 10:03 p.m.
  • Length: 24:14
Show
View Real Time Build Order
Export as new Build Order

MrFercho Zerg 

Build Orders: Pool First 

Get SALT Encoding   

  12  0:02  Drone  
  13  0:18  Overlord  
  13  0:19  Drone  
  14  0:31  Extractor  
  14  0:34  Drone  
  14  0:36  Extractor  
  13  0:44  Drone x2  
  15  0:57  Spawning Pool  
  15  1:02  Drone  
  16  1:04  Drone  
  16  1:16  Drone  
  17  1:25  Drone  
  18  1:51  Drone x2  
  20  1:57  Hatchery  
  20  1:58  Drone  
  20  2:04  Queen  
  22  2:17  Overlord  
  22  2:43  Lair  
  22  2:50  Zergling x4  
  24  2:51  Drone  
  25  3:04  Drone  
  26  3:11  Metabolic Boost  
  26  3:24  Roach Warren  
  25  3:27  Drone  
  25  3:28  Drone x5  
  31  3:45  Overlord x3  
  31  4:06  Hatchery  
  30  4:15  Zergling x6, Roach  
  30  4:16  Zergling x2, Roach x2  
  40  4:32  Infestation Pit  
  39  4:45  Hatchery  
  38  4:55  Drone x2  
  38  4:56  Drone x3  
  38  4:57  Drone  
  44  5:04  Tunneling Claws  
  44  5:19  Hive  
  32  5:43  Zergling x6  
  32  5:44  Zergling x6, Roach x2  
  42  5:51  Roach  
  44  5:58  Drone x4  
  48  6:23  Glial Reconstitution  
  48  6:34  Spine Crawler  
  48  6:36  Spine Crawler x2  
  48  6:37  Ravager x2  
  47  6:50  Spine Crawler  
  46  6:56  Drone x2  
  46  6:58  Drone x2  
  50  7:07  Adrenal Glands  
  50  7:08  Hatchery  
  50  7:15  Evolution Chamber  
  48  7:16  Evolution Chamber  
  48  7:18  Evolution Chamber  
  46  7:30  Spire  
  46  7:34  Zergling x4  
  46  7:35  Zergling x2  
  48  7:37  Roach  
  48  7:38  Roach  
  38  8:25  Zergling x2  
  38  8:26  Zergling x4  
  41  8:28  Roach x2  
  41  8:29  Roach x3  
  41  8:30  Roach  
  41  8:32  Drone x2  
  56  8:34  Zergling x2  
  56  8:42  Zerg Melee Weapons Level 1, Zerg Ground Armor Level 1, Zerg Missile Weapons Level 1  
  56  9:11  Greater Spire  
  56  9:16  Corruptor x2  
  58  9:17  Corruptor  
  62  9:29  Overlord x2  
  62  9:30  Overlord  
  61  9:47  Hydralisk Den  
  60  10:03  Nydus Network  
  59  10:10  Burrow  
  59  10:18  Hatchery  
  58  10:35  Drone  
  58  10:36  Drone x4  
  58  10:37  Drone  
  58  10:38  Overlord, Drone x3  
  58  10:39  Overlord x2  
  67  11:26  Hatchery  
  67  11:31  Nydus Canal  
  66  11:48  Drone x2  
  68  12:12  Extractor  
  68  12:14  Extractor  
  68  12:22  Brood Lord  
  68  12:23  Brood Lord  
  69  12:54  Corruptor  
  69  12:55  Corruptor x4  
  79  13:17  Drone x6  
  79  13:18  Drone x6  
  79  13:19  Overlord x2, Drone x3  
  94  13:39  Overseer  
  94  13:47  Zerg Flyer Weapons Level 1  
  94  13:48  Zerg Melee Weapons Level 2  
  94  14:48  Drone x4  
  94  14:50  Hydralisk x4  
  94  14:51  Mutalisk x3  
  94  14:52  Mutalisk  
  114  14:54  Zergling x12  
  120  15:08  Nydus Canal  
  113  15:41  Zerg Flyer Armor Level 1  
  113  15:45  Hatchery  
  113  15:46  Zerg Missile Weapons Level 2, Zerg Ground Armor Level 2  
  80  16:49  Corruptor x4  
  80  16:52  Zergling x6  
  80  16:53  Zergling x6  
  94  16:54  Roach x2  
  94  16:55  Roach  
  100  17:21  Extractor x2  
  98  17:34  Spine Crawler  
  98  17:36  Spine Crawler  
  95  17:46  Hydralisk x3  
  95  17:47  Hydralisk  
  103  18:11  Corruptor x2  
  73  20:40  Hydralisk x3  
  73  20:41  Hydralisk  
  73  20:42  Roach x4  
  85  20:43  Roach x4  
  85  20:44  Roach  
  95  20:50  Brood Lord x3  
  95  21:02  Hydralisk  
  49  21:27  Hydralisk x2  
  49  21:29  Roach  
  49  21:30  Zergling x4  
  49  21:31  Zergling x2  
  49  21:32  Zergling x2  
  62  21:33  Zergling x8  
  47  22:09  Drone x2  
  47  22:10  Mutalisk x2  
  47  22:15  Zergling x6  
  55  22:16  Zergling x4  
  46  22:50  Spine Crawler  
  46  22:51  Spine Crawler  
  39  22:54  Overseer  
  30  22:59  Spine Crawler  
Show
View Real Time Build Order
Export as new Build Order

tigro Terran 

Build Orders:  

Get SALT Encoding   

  12  0:05  SCV  
  13  0:23  Supply Depot  
  13  0:32  Refinery  
  13  0:33  SCV  
  14  0:41  Refinery  
  14  0:45  SCV  
  15  1:00  Barracks  
  15  1:03  SCV  
  16  1:15  SCV  
  17  1:27  SCV  
  18  1:50  Marine  
  19  2:01  Barracks  
  19  2:08  Marine  
  20  2:25  Supply Depot, Marine  
  21  2:43  Marine  
  22  2:49  Barracks Tech Lab  
  22  2:50  Engineering Bay  
  22  2:54  Orbital Command  
  22  3:01  Marine  
  23  3:10  Factory  
  25  3:13  Marauder  
  25  3:20  Barracks Tech Lab  
  25  3:22  Combat Shield  
  27  3:34  Marauder  
  27  3:44  Concussive Shells  
  29  3:55  Marauder  
  29  3:59  Marine  
  30  4:16  Factory Tech Lab  
  30  4:17  Marine  
  31  4:26  Marauder  
  31  4:27  Terran Infantry Weapons Level 1  
  33  4:34  Marine  
  34  4:41  Stimpack  
  34  5:05  Starport  
  34  5:44  Missile Turret, Starport Tech Lab  
  34  5:47  Infernal Pre-Igniter  
  34  5:53  Marine  
  37  5:57  Marauder  
  37  6:11  Marine  
  38  6:20  Armory  
  38  6:21  Terran Infantry Armor Level 1  
  38  6:48  Medivac  
  40  7:06  Mag-Field Accelerator  
  40  7:10  Missile Turret  
  40  7:37  Missile Turret  
  40  8:00  Missile Turret  
  40  8:03  Cloaking Field  
  40  8:15  Neosteel Armor  
  40  8:25  Fusion Core  
  40  8:48  Siege Tank  
  43  9:15  Supply Depot  
  43  9:22  Hyperflight Rotors  
  43  9:42  Weapon Refit  
  43  9:55  Hi-Sec Auto Tracking  
  43  10:19  Factory  
  43  10:36  Siege Tank  
  43  10:39  Marine  
  47  10:43  Marine  
  48  10:57  Marine  
  48  11:00  Marine  
  50  11:15  Marine  
  51  11:18  Marine  
  51  11:22  Rapid Reignition System, Corvid Reactor  
  52  11:28  Missile Turret  
  52  11:33  Marine  
  52  11:36  Marine  
  54  11:50  Marine  
  54  11:52  Missile Turret  
  55  11:54  Marine  
  56  12:18  Advanced Ballistics  
  56  12:25  Terran Vehicle Weapons Level 1  
  56  12:26  Missile Turret  
  56  12:33  Battlecruiser  
  62  13:11  Supply Depot  
  62  13:14  Factory Tech Lab  
  62  13:45  Starport  
  62  14:02  Drilling Claws  
  62  14:06  Smart Servos  
  62  14:19  Terran Vehicle And Ship Armor Level 1  
  62  14:29  Missile Turret  
  62  14:46  Starport Tech Lab  
  62  15:09  Command Center  
  62  15:22  Terran Infantry Weapons Level 2  
  62  15:44  Marine  
  63  16:01  Marine  
  64  16:13  Terran Ship Weapons Level 1  
  64  16:15  Battlecruiser  
  70  16:19  Marine  
  71  16:32  Supply Depot  
  71  16:37  Marine  
  72  16:55  Marine  
  73  17:21  Planetary Fortress  
  73  17:32  Missile Turret  
  73  17:38  Terran Infantry Armor Level 2  
  73  18:06  Missile Turret  
  73  18:07  Terran Vehicle Weapons Level 2  
  73  18:31  Raven  
  73  18:33  Raven  
  77  19:04  Missile Turret  
  77  19:17  Battlecruiser  
  36  20:23  Terran Vehicle And Ship Armor Level 2  
  30  20:30  Marine  
  30  20:33  Marine  
  32  20:38  Battlecruiser  
  38  20:48  Marine  
  39  20:50  Marine  
  40  21:06  Marine  
  40  21:08  Marine  
  42  21:18  SCV  
  42  21:21  Missile Turret  
  42  21:23  Marine  
  44  21:26  Marine  
  44  21:30  SCV  
  46  21:41  Marine  
  46  21:43  SCV  
  46  21:44  Marine  
  49  21:55  SCV  
  50  22:02  Unknown  
  50  22:19  Missile Turret  
  56  22:22  Battlecruiser  
  56  22:29  Marine  
  57  22:32  Marine  
  58  22:37  Medivac  
  60  22:47  Marine  
  60  22:50  Marine  
  62  23:05  Marine  
  63  23:08  Marine  
  63  23:12  Missile Turret  
  59  23:23  Marine  
  56  23:40  Marine  
Show
View Real Time Build Order
Export as new Build Order

Ykobex Protoss 

Build Orders:  

Get SALT Encoding   

  12  0:06  Probe  
  13  0:16  Assimilator  
  13  0:19  Assimilator  
  13  0:26  Probe  
  14  0:39  Probe (Chrono Boost)  
  15  1:20  Pylon  
  15  1:23  Pylon  
  15  1:26  Pylon  
  15  1:32  Pylon  
  15  1:38  Probe  
  16  1:44  Forge  
  16  1:47  Gateway  
  16  1:49  Gateway  
  16  1:50  Probe  
  17  2:02  Probe  
  18  2:14  Probe  
  18  2:15  Pylon  
  19  2:25  Photon Cannon  
  19  2:26  Probe  
  19  2:27  Photon Cannon  
  20  2:36  Zealot  
  22  2:38  Probe (Chrono Boost)  
  23  2:50  Probe (Chrono Boost)  
  25  2:58  Probe (Chrono Boost)  
  25  3:03  Zealot  
  25  3:04  Gateway  
  25  3:05  Probe  
  28  3:17  Probe  
  29  3:21  Protoss Ground Weapons Level 1  
  29  3:24  Zealot  
  31  3:51  Zealot  
  31  5:18  Zealot (Chrono Boost)  
  35  5:29  Zealot (Chrono Boost)  
  35  5:36  Cybernetics Core  
  35  5:37  Zealot (Chrono Boost)  
  37  5:49  Zealot  
  39  6:02  Zealot  
  39  6:03  Protoss Ground Armor Level 1  
  41  6:16  Zealot  
  43  6:28  Protoss Air Weapons Level 1  
  43  6:29  Zealot, Stargate  
  43  6:30  Stargate  
  45  6:44  Zealot (Chrono Boost)  
  47  6:47  Stalker (Chrono Boost)  
  51  7:04  Zealot (Chrono Boost)  
  51  7:14  Stalker (Chrono Boost)  
  55  7:16  Zealot (Chrono Boost)  
  55  7:33  Pylon  
  55  7:39  Pylon  
  55  7:42  Pylon  
  55  7:47  Pylon  
  55  7:49  Pylon  
  55  7:50  Void Ray (Chrono Boost)  
  55  7:51  Adept, Stalker  
  55  7:57  Stalker  
  65  8:06  Probe  
  66  8:21  Adept, Stalker  
  66  8:23  Void Ray (Chrono Boost)  
  72  8:27  Stalker  
  76  8:37  Protoss Air Armor Level 1  
  76  8:42  Photon Cannon  
  76  8:46  Photon Cannon  
  76  8:51  Stalker, Adept  
  80  8:57  Stalker  
  80  8:59  Void Ray (Chrono Boost)  
  86  9:19  Robotics Facility  
  86  9:32  Probe  
  86  9:34  Void Ray  
  91  9:44  Probe  
  92  9:56  Probe  
  93  10:08  Probe  
  93  10:13  Robotics Bay  
  94  10:20  Probe  
  95  10:26  Pylon  
  95  10:29  Pylon  
  95  10:33  Pylon  
  95  10:36  Pylon  
  95  10:39  Pylon  
  95  10:44  Immortal  
  95  10:45  Probe (Chrono Boost)  
  95  10:47  Void Ray (Chrono Boost)  
  104  10:50  Probe  
  105  11:10  Phoenix (Chrono Boost)  
  107  11:24  Immortal  
  113  11:33  Phoenix (Chrono Boost)  
  113  11:34  Protoss Shields Level 1  
  113  11:45  Sentry  
  115  11:56  Phoenix  
  117  12:07  Probe  
  118  12:19  Pylon, Probe  
  119  12:22  Pylon  
  119  12:24  Pylon  
  119  12:32  Probe  
  120  12:44  Probe  
  121  12:56  Probe  
  122  13:29  Photon Cannon  
  122  13:31  Photon Cannon  
  122  13:33  Photon Cannon  
  122  13:37  Twilight Council  
  122  13:43  Void Ray  
  126  14:26  Void Ray  
  130  14:47  Fleet Beacon  
  130  15:08  Void Ray  
  134  15:48  Mothership  
  142  15:58  Anion Pulse-Crystals  
  141  16:25  Resonating Glaives  
  141  16:49  Protoss Ground Weapons Level 2  
  141  17:02  Unknown  
  141  17:28  Protoss Air Weapons Level 2 (Chrono Boost)  
  141  18:35  Nexus  
  141  19:07  Pylon  
  140  19:10  Pylon  
  138  19:49  Void Ray (Chrono Boost)  
  146  20:03  Void Ray (Chrono Boost)  
  128  20:25  Void Ray  
  132  20:39  Void Ray  
  136  21:05  Observer  
  136  21:08  Void Ray  
  141  21:22  Sentry  
  143  21:26  Immortal  
  147  21:52  Photon Cannon  
  147  22:05  Immortal  
  151  22:44  Immortal  
  154  23:24  Immortal  
Show
View Real Time Build Order
Export as new Build Order

Huasochoro Zerg 

Build Orders: Pool Only 

Get SALT Encoding   

  12  0:05  Drone  
  13  0:14  Overlord  
  13  0:24  Drone  
  14  1:01  Drone x3  
  17  1:13  Extractor  
  17  1:18  Extractor  
  15  1:25  Spawning Pool  
  14  1:43  Drone x3  
  17  2:29  Drone x3  
  20  2:36  Lair  
  20  3:05  Overlord x2  
  20  3:06  Overlord  
  20  3:41  Queen  
  20  3:44  Hydralisk Den  
  21  4:04  Infestation Pit  
  21  4:09  Overlord x3  
  20  4:15  Grooved Spines  
  20  4:16  Queen  
  22  4:52  Queen  
  24  5:27  Muscular Augments  
  24  5:28  Hydralisk x3  
  30  6:04  Queen  
  30  6:07  Zergling x2  
  30  6:08  Zergling x4  
  21  6:40  Queen  
  23  6:59  Hydralisk x2  
  23  7:00  Hydralisk  
  26  7:22  Zergling x2  
Show
View Real Time Build Order
Export as new Build Order

IA (Difícil) Terran 

Build Orders:  

Get SALT Encoding   

  12  0:01  SCV  
  13  0:13  SCV  
  14  0:18  Supply Depot  
  14  0:25  SCV  
  15  0:40  SCV  
  16  0:44  Barracks  
  16  0:48  Refinery  
  16  0:52  SCV  
  17  1:04  SCV  
  18  1:16  SCV  
  19  1:20  Supply Depot  
  19  1:29  SCV  
  19  1:31  Marine  
  21  1:39  Barracks  
  21  1:42  Orbital Command  
  21  1:47  Refinery  
  21  1:49  Barracks Tech Lab  
  21  2:04  Supply Depot  
  21  2:07  Marine  
  22  2:25  Marine  
  22  2:29  Marine  
  24  2:39  Supply Depot  
  24  2:43  Marine  
  25  2:47  Marine  
  26  3:01  Marine  
  27  3:06  Marine  
  28  3:13  Supply Depot  
  28  3:14  SCV  
  28  3:18  Marine  
  30  3:25  Marine  
  30  3:26  SCV  
  32  3:27  Engineering Bay  
  32  3:37  Marauder  
  32  3:38  SCV  
  35  3:50  SCV  
  36  3:58  Marauder  
  38  4:02  SCV  
  39  4:15  SCV  
  40  4:20  Marauder  
  41  4:39  SCV  
  41  4:41  Marauder  
  44  5:02  Marauder  
  46  5:24  Marauder  
  48  6:25  Barracks Tech Lab  
  48  6:26  Reaper  
  48  6:27  Stimpack, Terran Infantry Weapons Level 1, SCV  
  48  6:29  Factory  
  48  6:32  Factory  
  50  6:34  Supply Depot  
  50  6:37  Missile Turret  
  50  6:39  SCV  
  51  6:41  Missile Turret  
  51  6:43  Marine, Concussive Shells  
  51  6:44  Barracks  
  52  6:58  Marine  
  52  7:00  Supply Depot  
  53  7:01  Bunker, Reaper  
  54  7:16  Sensor Tower, Factory Tech Lab  
  54  7:17  Factory Tech Lab  
  54  7:21  Starport  
  54  7:25  Combat Shield, Starport  
  54  7:31  Armory  
  54  7:38  Barracks Reactor  
  54  7:58  Marine  
  54  8:00  Starport Tech Lab  
  54  8:02  Starport Tech Lab  
  54  8:20  Raven  
  54  8:21  Raven, Terran Infantry Armor Level 1  
  58  8:49  Marine  
  49  8:55  Marine  
  49  9:02  Marine  
  40  9:08  Marine  
  41  9:15  Marine  
  42  9:21  Marine  
  43  9:28  Marine  
  44  9:34  Marine  
  45  9:46  Marauder  
  49  9:52  Marauder  
  49  9:53  Marine  
  50  10:03  SCV  
  50  10:07  Marauder  
  50  10:14  Marauder  
  54  10:29  Marauder  
  54  10:35  Marauder  
  58  10:36  Viking, Medivac  
  58  10:39  Supply Depot  
  58  10:42  Siege Tank  
  65  10:44  Engineering Bay  
  65  10:48  Widow Mine  
  67  11:03  Supply Depot  
  67  11:06  Medivac, Raven  
  69  11:11  Thor  
  69  11:17  Marine  
  63  11:23  Marauder  
  56  11:29  Marine  
  57  11:36  Medivac  
  57  11:39  Hellion  
  62  11:40  Marine  
  55  11:48  Marauder  
  55  11:49  Viking  
  58  11:55  Hellion  
  58  12:00  Hellion  
  62  12:02  Marine  
  62  12:08  Supply Depot, Marine  
  45  12:16  Marauder, Hellion  
  45  12:20  Marauder  
  41  12:24  Hellion  
  41  12:28  Viking  
  36  12:37  Hellion  
  36  12:41  Missile Turret  
  36  12:42  Marauder  
  31  12:45  Hellion  
  31  12:46  Marine  
  27  12:54  Command Center  
  22  12:59  Hellion  
  22  13:02  Marine  
  20  13:08  Marine  
  13  13:52  Barracks  
Show
View Real Time Build Order
Export as new Build Order

IA (Difícil) Terran 

Build Orders:  

Get SALT Encoding   

  12  0:01  SCV  
  13  0:13  SCV  
  14  0:17  Supply Depot  
  14  0:25  SCV  
  15  0:39  SCV  
  16  0:45  Barracks  
  16  0:46  Refinery  
  16  0:51  SCV  
  17  1:03  SCV  
  18  1:15  Supply Depot, SCV  
  19  1:28  SCV  
  19  1:31  Marine  
  21  1:34  Barracks  
  21  1:42  Refinery, Orbital Command  
  21  1:49  Barracks Tech Lab  
  21  2:00  Supply Depot  
  21  2:07  Marine  
  22  2:24  Marine  
  22  2:25  Marine  
  24  2:34  Supply Depot  
  24  2:42  Marine  
  24  2:43  Marauder  
  27  2:46  SCV  
  28  2:58  SCV  
  28  2:59  Engineering Bay  
  28  3:00  Marine  
  28  3:04  Marine  
  31  3:10  SCV  
  32  3:14  Supply Depot  
  32  3:18  Marine  
  33  3:22  Marauder, SCV  
  36  3:35  SCV  
  36  3:36  Marine  
  38  3:44  Marauder  
  38  3:47  SCV  
  41  4:05  Marauder  
  43  5:03  Barracks Tech Lab  
  43  5:04  Stimpack, Marine, SCV  
  43  5:05  Terran Infantry Weapons Level 1  
  43  5:07  Factory  
  45  5:11  Factory  
  45  5:13  Missile Turret  
  45  5:16  SCV, Missile Turret  
  45  5:18  Supply Depot  
  45  5:20  Combat Shield  
  46  5:23  Marauder  
  46  5:24  Marauder  
  50  5:37  Barracks  
  50  5:39  Ghost Academy  
  50  5:43  Bunker  
  50  5:51  Factory Tech Lab  
  50  5:55  Starport  
  50  5:58  Starport, Factory Tech Lab  
  50  6:06  Marauder  
  45  6:13  Marine  
  40  6:27  Marine  
  40  6:28  Marine  
  40  6:34  Starport Tech Lab x2  
  40  6:36  Marauder  
  40  6:39  Concussive Shells  
  40  6:45  Marauder  
  42  6:50  Marine  
  42  6:53  Raven  
  45  6:57  Marine  
  45  6:59  Terran Infantry Armor Level 1  
  46  7:06  Ghost  
  48  7:16  Marauder  
  48  7:19  Raven, Marine  
  53  7:34  Marine  
  53  7:36  Marine  
  55  7:43  Marine  
  56  7:46  Sensor Tower  
  56  7:59  SCV  
  56  8:00  Armory  
  56  8:05  Barracks Reactor  
  56  9:03  Medivac  
  56  9:04  Banshee  
  56  9:07  Engineering Bay  
  61  9:10  Supply Depot  
  61  9:32  Marine  
  61  9:33  Medivac  
  61  9:34  Supply Depot  
  61  9:37  Marine  
  65  9:43  Marine  
  60  9:46  Medivac  
  60  9:49  Marine  
  61  9:54  Marine  
  61  9:59  Marine  
  55  10:03  Raven  
  55  10:04  Hellion  
  42  10:07  Hellion  
  40  10:16  Viking, Marine  
  40  10:20  Marauder  
  42  10:23  SCV  
  42  10:25  Hellion  
  43  10:29  Hellion  
  43  10:32  Marine  
  43  10:35  SCV  
  37  10:37  Marine  
  37  10:45  Marauder  
  37  10:46  Viking  
  37  10:47  SCV  
  37  10:49  Hellion  
  36  10:52  Hellion  
  32  10:57  Marine  
  32  10:59  SCV  
  32  11:02  Marine  
  26  11:10  Hellion  
  21  11:11  SCV  
  21  11:14  Hellion  
  21  11:15  Marine  
  14  11:20  Marine  
  14  11:24  SCV  
  14  11:25  Marine  
  10  11:31  Hellion  
  12  11:35  Hellion  
  12  11:37  Marine  
  11  11:42  Marine  
  9  11:53  Hellion  
  11  11:57  Hellion  
  7  12:14  Marine  
  6  12:20  Marine  
  1  13:33  Barracks  
Show
View Real Time Build Order
Export as new Build Order

NeroSparta Terran 

Build Orders: 1/1/1 

Get SALT Encoding   

  12  0:02  SCV  
  13  0:16  SCV  
  13  0:19  Supply Depot  
  14  0:28  SCV  
  15  0:33  Refinery  
  15  0:42  Barracks  
  15  0:46  SCV  
  16  0:58  SCV  
  17  1:09  Refinery  
  17  1:10  SCV  
  18  1:28  SCV  
  19  1:36  Marine, Factory  
  20  1:40  Orbital Command  
  20  1:59  Reaper  
  21  2:06  Supply Depot, SCV  
  22  2:18  SCV  
  22  2:21  Starport  
  23  2:23  Factory Tech Lab  
  23  2:30  SCV  
  24  2:52  Supply Depot  
  24  3:03  Fusion Core  
  24  3:27  Supply Depot  
  24  3:34  Factory Tech Lab  
  23  3:50  Battlecruiser  
  29  4:02  Weapon Refit  
  29  4:09  Supply Depot x2  
  29  4:12  Command Center  
  29  4:30  Factory Reactor  
  29  4:32  Marine  
  30  4:41  Bunker  
  30  4:50  Marine  
  31  4:57  Starport  
  31  5:24  Bunker  
  31  5:28  Battlecruiser  
  37  5:38  Marine  
  38  5:56  Marine  
  39  6:06  Bunker  
  39  6:14  Marine  
  40  6:21  Battlecruiser, Engineering Bay  
  40  6:22  Hellion  
  40  6:23  Hellion  
  50  6:32  Marine  
  51  6:44  Hellion x2  
  55  6:47  Supply Depot  
  55  7:01  Planetary Fortress  
  55  7:02  Unknown  
  55  7:06  SCV  
  56  7:18  SCV  
  57  7:28  Factory Tech Lab  
  57  7:30  SCV  
  57  7:34  Supply Depot  
  58  7:42  SCV  
  59  7:45  SCV  
  59  7:49  Battlecruiser  
  66  7:54  SCV  
  66  7:56  Supply Depot  
  66  7:57  SCV  
  68  7:59  Siege Tank  
  71  8:06  SCV  
  71  8:09  SCV  
  71  8:12  Marine  
  74  8:18  SCV  
  75  8:22  SCV  
  75  8:23  Unknown  
  76  8:31  Armory  
  73  8:59  SCV  
  73  9:00  SCV  
  73  9:03  Unknown  
  73  9:04  Siege Tank  
  76  9:10  Battlecruiser  
  76  9:14  Factory  
  76  9:16  Missile Turret  
  82  9:25  Missile Turret, SCV x2  
  81  9:37  SCV  
  81  9:38  SCV  
  68  10:21  Command Center  
  68  10:25  Unknown  
  68  10:35  Terran Ship Weapons Level 1  
  68  10:41  Battlecruiser  
  74  10:48  SCV  
  73  11:13  Command Center  
  69  11:28  Battlecruiser  
  75  11:38  Supply Depot  
  75  12:12  Battlecruiser  
  81  12:39  Terran Vehicle Weapons Level 1  
  81  13:08  Battlecruiser  
  87  13:13  Bunker  
  87  13:15  Marine  
  88  13:33  Marine  
  89  13:43  Battlecruiser  
  95  13:50  Marine  
  97  13:55  SCV x2  
  98  14:07  SCV  
  98  14:08  Marine  
  100  14:26  Refinery x2  
  100  14:31  Hellion x2  
  104  14:34  Terran Vehicle And Ship Armor Level 1  
  104  14:42  Missile Turret  
  104  14:52  Hellion x2  
  108  14:53  SCV x2  
  110  15:13  Supply Depot  
  110  15:14  Supply Depot x2  
  110  15:26  Hellion, Hellbat, SCV x2  
  122  15:35  Battlecruiser  
  122  15:38  SCV  
  123  15:49  Missile Turret  
  123  15:54  SCV  
  124  15:57  Planetary Fortress  
  124  16:10  Missile Turret  
  124  16:18  Battlecruiser  
  130  16:24  SCV  
  131  16:32  Hellion  
  131  16:33  Missile Turret  
  131  16:37  SCV  
  131  16:39  Terran Ship Weapons Level 2  
  132  16:42  SCV  
  133  16:49  SCV  
  133  16:54  SCV  
  135  16:55  Missile Turret  
  135  16:59  Infernal Pre-Igniter  
  135  17:04  SCV  
  135  17:06  SCV  
  137  17:16  SCV  
  137  17:19  SCV  
  139  17:24  Missile Turret  
  139  17:28  SCV  
  140  17:31  SCV  
  141  17:40  SCV  
  142  17:52  Supply Depot  
  142  17:53  Supply Depot  
  142  18:13  SCV x2  
  142  18:14  Battlecruiser  
  142  18:15  Battlecruiser  
  156  18:25  Hellion x5  
  156  18:29  Starport  
  156  18:30  Command Center  
  156  18:55  Terran Vehicle Weapons Level 2  
  156  18:56  Missile Turret x2  
  156  18:57  Missile Turret  
  156  18:59  Missile Turret  
  156  19:03  Supply Depot x2  
  156  19:10  Starport Tech Lab  
  156  19:11  Hellion x5  
  156  19:25  Battlecruiser  
  162  19:41  Battlecruiser x2  
  174  19:48  Armory  
  174  19:51  Orbital Command  
  174  20:03  Supply Depot  
  164  20:28  Sensor Tower x2  
  164  20:34  Battlecruiser  
  170  20:37  Supply Depot  
  170  20:44  Terran Vehicle And Ship Armor Level 2  
  170  21:11  Battlecruiser  
  176  21:13  Supply Depot  
  176  21:15  Supply Depot  
  176  21:19  Supply Depot  
  176  21:23  Refinery  
  176  21:50  Orbital Command  
  176  21:53  Battlecruiser x2  
  188  22:10  Refinery  
  188  22:30  SCV x3  
  191  22:42  SCV x2  
Show
View Real Time Build Order
Export as new Build Order

IA (Difícil) Protoss 

Build Orders:  

Get SALT Encoding   

  12  0:01  Probe  
  13  0:13  Probe  
  14  0:20  Pylon  
  14  0:25  Probe  
  15  0:34  Probe  
  16  0:42  Probe  
  16  0:46  Assimilator  
  16  0:49  Gateway  
  17  0:52  Probe  
  18  0:59  Pylon  
  18  1:00  Probe  
  19  1:19  Probe  
  20  1:38  Zealot  
  22  1:40  Cybernetics Core  
  22  1:42  Gateway  
  22  1:46  Assimilator  
  22  1:58  Zealot  
  22  2:00  Pylon  
  24  2:16  Warp Gate  
  24  2:22  Zealot  
  24  2:28  Zealot  
  28  2:40  Pylon  
  28  2:49  Stalker  
  28  2:51  Stalker  
  30  2:58  Probe  
  33  3:10  Probe  
  34  3:17  Zealot  
  34  3:19  Stalker  
  36  3:20  Pylon  
  36  3:22  Probe  
  39  3:28  Forge  
  39  3:34  Probe  
  40  3:44  Adept  
  40  3:46  Probe  
  43  3:59  Probe  
  44  4:45  Protoss Ground Weapons Level 1  
  44  4:55  Sentry, Probe  
  44  4:58  Gateway  
  47  5:05  Sentry, Pylon  
  49  5:07  Probe  
  49  5:08  Photon Cannon  
  49  5:10  Photon Cannon  
  50  5:18  Stalker  
  52  5:25  Robotics Facility  
  52  5:28  Sentry, Pylon  
  52  5:38  Adept  
  48  5:51  Stalker  
  48  5:54  Forge  
  50  6:01  Stalker  
  50  6:03  Stargate  
  52  6:11  Sentry  
  54  6:14  Observer  
  54  6:16  Protoss Ground Armor Level 1  
  55  6:21  Twilight Council  
  55  6:29  Probe  
  55  6:35  Observer  
  56  8:54  Void Ray  
  56  9:01  Warp Prism  
  56  9:08  Protoss Ground Weapons Level 2  
  62  9:10  Gateway  
  62  9:12  Robotics Facility, Zealot  
  62  9:15  Stargate  
  64  9:19  Stalker, Pylon  
  66  9:30  Warp Prism  
  66  9:34  Stalker  
  66  9:37  Stalker x2  
  70  9:41  Stalker x3  
  70  9:44  Pylon, Blink  
  72  9:48  Stalker  
  74  9:56  Void Ray  
  74  9:59  Observer  
  79  10:06  Stalker, Warp Prism  
  81  10:08  Pylon  
  81  10:23  Protoss Ground Armor Level 2  
  78  11:31  Protoss Shields Level 1  
  79  11:47  Observer  
  79  12:09  Robotics Bay  
  79  12:56  Gravitic Boosters  
  79  13:00  Zealot  
  79  13:04  Zealot  
  83  13:08  Adept  
  85  13:13  Immortal, Pylon  
  89  13:43  Protoss Shields Level 2  
  89  13:47  Protoss Air Weapons Level 1  
  89  13:52  Gravitic Drive  
  89  14:36  Protoss Ground Weapons Level 3  
  89  14:39  Void Ray  
  89  15:41  Void Ray  
  89  15:46  Protoss Air Armor Level 1  
  89  16:02  Templar Archives  
  89  16:13  Pylon  
  89  16:17  Protoss Ground Armor Level 3  
  63  16:38  High Templar  
  59  16:46  High Templar  
  59  16:54  Archon  
  59  17:14  High Templar  
  61  17:41  High Templar  
  63  17:53  Archon  
  63  18:09  High Templar  
  65  18:36  High Templar  
  67  18:55  Phoenix  
  69  19:04  Stalker  
  71  19:13  Stalker  
  73  19:31  Phoenix  
  75  19:50  Disruptor  
  78  20:17  Archon  
  78  20:26  Disruptor  
  77  21:15  Fleet Beacon  
  77  22:00  Stalker  
  79  22:05  Carrier  
  85  22:10  Stalker  
  87  22:17  Stalker  
  89  22:36  Sentry  
  91  22:54  Void Ray  
  95  23:18  Zealot  
  97  23:21  Zealot  
  97  23:24  Pylon, Zealot  
  97  23:26  Adept  
  107  23:51  Pylon  
Tags
 
Add a new tag
Caveats
  • Supply blocks, unpowered buildings, or Contaminate may cause inaccurate times.
  • Supply counts are checked every 10 seconds.